 Dungeon Crawl Stone Soup version 0.23.2-1-ga50397a6bc (webtiles) character file.

Game seed: 6611077623353768255

69 PentaManta the Ducker (level 4, -5/35 HPs)
             Began as a Merfolk Monk on May 30, 2019.
             Slain by a gnoll
             ... wielding a +0 halberd
              (11 damage)
             ... on level 2 of the Dungeon.
             The game lasted 00:03:53 (2132 turns).

PentaManta the Ducker (Merfolk Monk)                Turns: 2132, Time: 00:03:54

Health: -5/35      AC:  3    Str: 11    XL:     4   Next: 20%
Magic:  4/4        EV: 15    Int:  9    God:
Gold:   122        SH:  0    Dex: 17    Spells: 3/3 levels left

rFire    . . .     SeeInvis .   a - +0 falchion
rCold    . . .     Gourm    .   (no shield)
rNeg     . . .     Faith    .   b - +0 robe
rPois    .         Spirit   .   (no helmet)
rElec    .         Reflect  .   (no cloak)
rCorr    .         Harm     .   (no gloves)
MR       .....                  h - +0 pair of boots (curse)
Stlth    ++........             (no amulet)
HPRegen  0.11/turn              (no ring)
MPRegen  0.09/turn              (no ring)

@: no status effects
A: change form in water, swift swim, stealthy swim
a: no special abilities


You were on level 2 of the Dungeon.
You were not hungry.

You visited 1 branch of the dungeon, and saw 3 of its levels.

You collected 122 gold pieces.

Inventory:

Hand Weapons
 a - a +0 falchion (weapon)
 d - a +0 hunting sling
 f - a +0 dagger
Missiles
 k - 17 sling bullets
 l - 88 stones (quivered)
Armour
 b - a +0 robe (worn)
 h - a cursed +0 pair of boots (worn)
Jewellery
 o - an uncursed ring of fire
Scrolls
 e - 3 scrolls of identify {unknown}
 g - 2 scrolls of remove curse {unknown}
 j - 2 scrolls of amnesia {unknown}
 n - a scroll of enchant weapon {unknown}
Potions
 i - a potion of agility {unknown}
 m - 2 potions of mutation {unknown}
Comestibles
 c - 6 rations


   Skills:
 - Level 3.2 Fighting
 * Level 4.8 Long Blades
 + Level 4.9 Dodging
 - Level 2.1 Stealth


You had 3 spell levels left.
You didn't know any spells.
Your spell library was empty.

Dungeon Overview and Level Annotations

Branches:
Dungeon (3/15)

Altars:

Annotations:
D:1 exclusion: downstairs


Message History

The gnoll misses you.
You closely miss the gnoll.
The gnoll is moderately wounded.
The gnoll misses you.
You closely miss the gnoll.
The gnoll is moderately wounded.
The gnoll hits you with a +0 halberd.
You hit the gnoll.
The gnoll is moderately wounded.
The gnoll hits you with a +0 halberd.
You hit the gnoll but do no damage.
The gnoll is moderately wounded.
You completely miss the gnoll.
The gnoll is moderately wounded.
The gnoll hits you with a +0 halberd!
* * * LOW HITPOINT WARNING * * *
You hit the gnoll.
The gnoll is heavily wounded.
The gnoll hits you with a +0 halberd!
You die...

############ ##.....|....#####
############# ...........>....#
#.....g†g.g.# ##.####..##.###.#
#.#########.# .....)........#.#
##.#########.# ##.####.#.....#.#
##...#.....##.#
#...###.#.....#.###.###......##.#
..#.....#...........# #..........
#...##..#.......@g..###.........#
#.......#.....#.#.##...#.....#..#
#...........#.#.#...........##..#
#.####..#####.#.########.....g.g.
#.# #..........# #.#####..#
#.####..#####.### #.# #..#
........# #.# #.# #..#
#.#####.#####.# #.### #..# #.#
#.......# #.#.###..#


You could see a gnoll.

Vanquished Creatures
  2 gnolls
  A worm (D:2)
  A dart slug (D:1)
  2 leopard geckos
  3 giant cockroaches (D:2)
  6 goblins
  6 hobgoblins
  2 jackals (D:2)
  4 kobolds
  A quokka (D:2)
  3 bats (D:1)
  4 frilled lizards
  4 rats
39 creatures vanquished.

Notes
Turn   | Place    | Note
-------+----------+-------------------------------------------
     0 | D:1      | PentaManta the Merfolk Monk began the quest for the Orb.
     0 | D:1      | Reached XP level 1. HP: 18/18 MP: 1/1
   180 | D:1      | Reached XP level 2. HP: 24/24 MP: 2/2
  1030 | D:2      | Reached XP level 3. HP: 27/29 MP: 3/3
  1946 | D:2      | Reached XP level 4. HP: 26/35 MP: 4/4
  2132 | D:2      | Slain by a gnoll

Skill      XL: |  1  2 |
---------------+-------+-----
Long Blades    | 4 |  4.8
Fighting       | |  3.2
Dodging        | |  4.9
Stealth        | |  2.1

Action                   |  1- 3 |  4- 6 || total
-------------------------+-------+-------++-------
Melee: Falchion          |   119 |    17 ||   136
Throw: Stone             |       |     1 ||     1
 Stab: Sleeping          |     4 |       ||     4
  Eat: Ration            |     1 |       ||     1
       Chunk             |       |     1 ||     1
Armor: Robe              |    16 |       ||    16
Dodge: Dodged            |   103 |    13 ||   116
       Rpst.: Falchion   |    34 |     6 ||    40
